Coyotes vs Rangers

Created - January 26, 2018 at 19:26

Goals
1 2 3 T
Coyotes 0 3 0 3
Rangers 0 1 0 1
Shots
1 2 3 T
Coyotes 11 13 10 34
Rangers 7 8 8 23

1st period

No Goal

Penalties :
Tyler Ennis (Ari) for Hooking (Minor) at 0:41, Jakob Silfverberg (NYR) for Hooking (Minor) at 10:57

2nd period

1. Coyotes , Brad Richards 23 (Zach Parise 30, Maxime Daigneault) at 7:24 (PP)
2. Coyotes , Maxim Talbot 3 (Mark Bell 2, Enver Lisin 5) at 8:23
3. Rangers , Patrice Bergeron 19 (Milan Lucic 42, James Neal 27) at 8:29
4. Coyotes , Eric Brewer 2 (Michael Del Zotto 11, Tyler Ennis 23) at 16:21 (PP)

Penalties :
James Neal (NYR) for Interference (Minor) at 7:07, Michael Del Zotto (Ari) for Tripping (Minor) at 9:59, Milan Lucic (NYR) for Hooking (Minor) at 14:58

3rd period

No Goal

Penalties :
Milan Lucic (NYR) for Hooking (Minor) at 6:37, Milan Lucic (NYR) for Roughing (Minor) at 10:17

Goalie Stats

Maxime Daigneault (Ari), 22 saves from 23 shots - (0.957), W, 5-1-2, 60:00 minutes
Henrik Lundqvist (NYR), 31 saves from 34 shots - (0.912), L, 16-11-2, 60:00 minutes

Players Stats for Coyotes

Player Name              G  A  P  +/- PIM S  H  SB GA TA FO     MP     PP MP  PK MP  
------------------------------------------------------------------------------------
Anton Stralman           0  0  0  -1  0   5  2  3  1  2  0/0    25:31   4:14   1:21 
Brad Richards            1  0  1  -1  0   6  10 0  1  0  17/32  21:35   4:56   1:14 
Brooks Laich             0  0  0   0  0   2  0  0  0  0  2/3     9:20   0:00   0:29 
Chris Neil               0  0  0   0  0   1  0  0  0  0  0/0     8:44   0:00   0:00 
Chris Stewart            0  0  0   0  0   1  0  0  0  0  0/0    15:54   2:38   0:00 
Enver Lisin              0  1  1   1  0   2  2  0  1  0  0/0    10:45   0:00   0:00 
Eric Brewer              1  0  1   0  0   2  1  0  0  0  0/0    21:58   3:23   2:37 
Greg Zanon               0  0  0   1  0   0  0  3  0  0  0/0    15:08   0:00   2:37 
Kristopher Letang        0  0  0  -1  0   1  1  1  0  1  0/0    25:31   4:14   1:21 
Marian Gaborik           0  0  0  -1  0   3  0  0  0  0  2/2    20:19   4:59   0:00 
Mark Bell                0  1  1   1  0   1  2  0  0  0  0/0    11:38   0:03   0:29 
Martin Samuelsson        0  0  0   0  0   1  1  0  0  1  0/0    10:46   0:00   2:15 
Matt Niskanen            0  0  0   1  0   0  2  1  0  1  0/0    12:31   0:00   0:00 
Maxim Talbot             1  0  1   1  0   2  1  0  1  1  5/9    13:31   0:03   2:15 
Michael Del Zotto        0  1  1   0  2   0  4  0  0  0  0/0    19:26   3:23   0:00 
Nazem Kadri              0  0  0   0  0   0  0  1  2  0  7/9    15:54   2:38   0:00 
Tyler Ennis              0  1  1   0  2   1  1  2  1  1  0/1    15:54   2:38   0:00 
Zach Parise              0  1  1  -1  0   6  1  1  2  2  0/1    21:35   4:56   1:14 

Players Stats for Rangers

Player Name              G  A  P  +/- PIM S  H  SB GA TA FO     MP     PP MP  PK MP  
------------------------------------------------------------------------------------
Alexei Emelin            0  0  0   0  0   1  0  1  0  0  0/0    11:59   0:00   0:00 
Artem Anisimov           0  0  0   0  0   1  1  0  0  2  3/15   16:33   0:00   2:54 
Cam Barker               0  0  0  -1  0   3  0  0  0  2  0/0    27:09   2:35   4:16 
Darren Reid              0  0  0  -1  0   1  1  0  0  0  0/1    12:04   0:00   0:00 
Jakob Silfverberg        0  0  0   0  2   0  1  1  0  0  0/0    15:36   1:47   0:10 
James Neal               0  1  1   1  2   2  4  0  0  1  0/1    18:40   2:11   0:50 
Mark Fistric             0  0  0  -1  0   2  0  4  3  0  0/0    27:09   2:35   4:16 
Matt Greene              0  0  0   1  0   0  1  1  0  1  0/0    20:52   1:23   3:21 
Matt Read                0  0  0   0  0   1  1  0  1  0  0/0     8:00   0:00   0:00 
Mike Cammalleri          0  0  0   0  0   2  1  1  1  0  1/1    16:59   1:47   2:12 
Milan Lucic              0  1  1   1  6   2  2  2  1  1  1/5    19:02   2:11   1:24 
Nathan Gerbe             0  0  0  -1  0   2  0  0  0  0  0/0    11:48   0:00   0:17 
Nick Foligno             0  0  0   0  0   0  0  0  0  0  0/0     7:52   0:00   0:00 
Patrice Bergeron         1  0  1   1  0   3  1  3  1  0  15/25  21:18   2:11   4:18 
Ryan Suter               0  0  0   1  0   0  3  1  1  2  0/0    20:52   1:23   3:21 
Sean Couturier           0  0  0  -1  0   1  2  0  0  0  3/5    13:59   0:00   2:43 
Staffan Kronwall         0  0  0   0  0   1  0  0  1  0  0/0    11:59   0:00   0:00 
Valtteri Filppula        0  0  0   0  0   1  2  1  0  0  1/4    10:27   1:47   0:26 

3 Stars

1 - Brad Richards (Ari)
2 - Maxim Talbot (Ari)
3 - Maxime Daigneault (Ari)

Power Play

Coyotes - 2 on 5 Attempt(s) - 40.00%
Rangers - 0 on 2 Attempt(s) - 0.00%

Penalty Kill

Coyotes - 2 on 2 Attempt(s) - 100.00% - Score 0 goal in Penalty Kill
Rangers - 3 on 5 Attempt(s) - 60.00% - Score 0 goal in Penalty Kill

Team Stat

Coyotes - Hits : 28 - Faceoff Wins : 33 - Blocked Shots : 12 - Penalty Minutes : 4
Rangers - Hits : 20 - Faceoff Wins : 24 - Blocked Shots : 15 - Penalty Minutes : 10

Official

Referees : Lee Chris and Hasenfratz Mike
Linesman : Thor Nelson and Michel Cormier

Game Notes

No Game Note

Finance

Level 1 -- Attendance: 4690 (78.17%) -- Ticket Income $445,550
Level 2 -- Attendance: 4045 (80.90%) -- Ticket Income $242,700
Level 3 -- Attendance: 2000 (100.00%) -- Ticket Income $70,000
Level 4 -- Attendance: 4000 (100.00%) -- Ticket Income $100,000
Luxury Box -- Attendance: 806 (80.60%) -- Ticket Income $145,080
Game was played at the Madison Square Garden.
Total Attendance: 15541 (86.34%)
Total Ticket Income: $1,003,330
Other Income: $150,500
Total Income: $1,153,830

Coyotes

5 vs 5 Forward 
   Center                   Left Wing                Right Wing               Time % Phy DF OF 
 1 Brad Richards            Zach Parise              Marian Gaborik           40     0   2  3  
 2 Nazem Kadri              Tyler Ennis              Chris Stewart            30     0   2  3  
 3 Maxim Talbot             Mark Bell                Enver Lisin              20     1   2  2  
 4 Brooks Laich             Martin Samuelsson        Chris Neil               10     1   2  2  

5 vs 5 Defense 
   Defense                  Defense                                           Time % Phy DF OF 
 1 Kristopher Letang        Anton Stralman                                    42     0   3  2  
 2 Eric Brewer              Michael Del Zotto                                 34     0   3  2  
 3 Matt Niskanen            Greg Zanon                                        24     0   3  2  
 4 Kristopher Letang        Anton Stralman                                    0      1   2  2  

PowerPlay Forward 
   Center                   Left Wing                Right Wing               Time % Phy DF OF 
 1 Brad Richards            Zach Parise              Marian Gaborik           60     0   1  4  
 2 Nazem Kadri              Tyler Ennis              Chris Stewart            40     0   1  4  

PowerPlay Defense
   Defense                  Defense                                           Time % Phy DF OF 
 1 Kristopher Letang        Anton Stralman                                    60     0   2  3  
 2 Eric Brewer              Michael Del Zotto                                 40     0   2  3  

Penalty Kill 4 Players Forward 
   Center                   Wing                     Time % Phy DF OF 
 1 Maxim Talbot             Martin Samuelsson        60     1   3  1  
 2 Brad Richards            Zach Parise              40     1   3  1  

Penalty Kill 4 Players Defense
   Defense                  Defense                  Time % Phy DF OF 
 1 Eric Brewer              Greg Zanon               60     1   4  0  
 2 Anton Stralman           Kristopher Letang        40     1   4  0  

Penalty Kill - 3 Players Forward 
   Forward                                           Time % Phy DF OF 
 1 Zach Parise                                       60     1   3  1  
 2 Marian Gaborik                                    40     1   3  1  

Penalty Kill - 3 Players Defense
   Defense                  Defense                  Time % Phy DF OF 
 1 Kristopher Letang        Anton Stralman           60     1   4  0  
 2 Eric Brewer              Greg Zanon               40     1   4  0  

4 vs 4 Forward 
   Center                   Wing                     Time % Phy DF OF 
 1 Brad Richards            Marian Gaborik           60     1   2  2  
 2 Nazem Kadri              Tyler Ennis              40     1   2  2  

4 vs 4 Defense
   Defense                  Defense                  Time % Phy DF OF 
 1 Kristopher Letang        Anton Stralman           60     1   2  2  
 2 Eric Brewer              Michael Del Zotto        40     1   2  2  

Last Minutes Offensive
   Center                   Left Wing                Right Wing               Defense                  Defense                  
   Brad Richards            Zach Parise              Marian Gaborik           Kristopher Letang        Anton Stralman           

Last Minutes Defensive
   Center                   Left Wing                Right Wing               Defense                  Defense                  
   Brad Richards            Zach Parise              Marian Gaborik           Kristopher Letang        Anton Stralman           

Goaltenders
Starting : Maxime Daigneault        
Backup : Ryan Miller              

Extra Forwards
Normal : Mark Bell, Maxim Talbot, Brooks Laich - PP : Mark Bell, Maxim Talbot - PK : Brooks Laich
Extra Defensemen
Normal : Michael Del Zotto, Matt Niskanen, Eric Brewer - PP : Matt Niskanen - PK : Michael Del Zotto, Eric Brewer
Penalty Shots
Zach Parise, Marian Gaborik, Tyler Ennis, Brad Richards, Nazem Kadri

Scratches
Josh Gorges (Sprained Right Knee Injury)

Rangers

5 vs 5 Forward 
   Center                   Left Wing                Right Wing               Time % Phy DF OF 
 1 Patrice Bergeron         Milan Lucic              James Neal               40     1   2  2  
 2 Artem Anisimov           Mike Cammalleri          Jakob Silfverberg        30     1   2  2  
 3 Sean Couturier           Nathan Gerbe             Darren Reid              20     1   2  2  
 4 Valtteri Filppula        Nick Foligno             Matt Read                10     1   2  2  

5 vs 5 Defense 
   Defense                  Defense                                           Time % Phy DF OF 
 1 Cam Barker               Mark Fistric                                      40     1   2  2  
 2 Matt Greene              Ryan Suter                                        30     1   2  2  
 3 Staffan Kronwall         Alexei Emelin                                     20     1   2  2  
 4 Cam Barker               Mark Fistric                                      10     1   2  2  

PowerPlay Forward 
   Center                   Left Wing                Right Wing               Time % Phy DF OF 
 1 Patrice Bergeron         Milan Lucic              James Neal               60     1   2  2  
 2 Valtteri Filppula        Mike Cammalleri          Jakob Silfverberg        40     1   2  2  

PowerPlay Defense
   Defense                  Defense                                           Time % Phy DF OF 
 1 Cam Barker               Mark Fistric                                      60     1   2  2  
 2 Matt Greene              Ryan Suter                                        40     1   2  2  

Penalty Kill 4 Players Forward 
   Center                   Wing                     Time % Phy DF OF 
 1 Milan Lucic              Patrice Bergeron         60     1   2  2  
 2 James Neal               Jakob Silfverberg        40     1   2  2  

Penalty Kill 4 Players Defense
   Defense                  Defense                  Time % Phy DF OF 
 1 Cam Barker               Mark Fistric             60     1   2  2  
 2 Matt Greene              Ryan Suter               40     1   2  2  

Penalty Kill - 3 Players Forward 
   Forward                                           Time % Phy DF OF 
 1 Milan Lucic                                       60     1   2  2  
 2 Patrice Bergeron                                  40     1   2  2  

Penalty Kill - 3 Players Defense
   Defense                  Defense                  Time % Phy DF OF 
 1 Cam Barker               Mark Fistric             60     1   2  2  
 2 Matt Greene              Ryan Suter               40     1   2  2  

4 vs 4 Forward 
   Center                   Wing                     Time % Phy DF OF 
 1 Milan Lucic              Patrice Bergeron         60     1   2  2  
 2 James Neal               Jakob Silfverberg        40     1   2  2  

4 vs 4 Defense
   Defense                  Defense                  Time % Phy DF OF 
 1 Cam Barker               Mark Fistric             60     1   2  2  
 2 Matt Greene              Ryan Suter               40     1   2  2  

Last Minutes Offensive
   Center                   Left Wing                Right Wing               Defense                  Defense                  
   Patrice Bergeron         Milan Lucic              James Neal               Cam Barker               Mark Fistric             

Last Minutes Defensive
   Center                   Left Wing                Right Wing               Defense                  Defense                  
   Patrice Bergeron         Milan Lucic              James Neal               Cam Barker               Mark Fistric             

Goaltenders
Starting : Henrik Lundqvist         
Backup : Braden Holtby            

Extra Forwards
Normal : Darren Reid, Matt Read, Artem Anisimov - PP : Darren Reid, Matt Read - PK : Artem Anisimov
Extra Defensemen
Normal : Staffan Kronwall, Alexei Emelin, Matt Greene - PP : Staffan Kronwall - PK : Alexei Emelin, Matt Greene
Penalty Shots
Milan Lucic, Patrice Bergeron, James Neal, Jakob Silfverberg, Mike Cammalleri

Scratches
Stephen Weiss (Healthy)

% Time on Ice - Coyotes

Lines # - Real PCT - Wanted PCT - Time Play
Normal Forward
1 - 33% - 40% - 15:46
2 - 28% - 30% - 13:23
3 - 22% - 20% - 10:45
4 - 18% - 10% - 8:31
Normal Defense
1 - 41% - 42% - 19:49
2 - 33% - 34% - 16:05
3 - 26% - 24% - 12:31
4 - 0% - 0% - 0:00
PP Forward
1 - 65% - 60% - 4:59
2 - 35% - 40% - 2:38
PP Defense
1 - 56% - 60% - 4:14
2 - 44% - 40% - 3:23
PK Forward
1 - 69% - 60% - 2:44
2 - 31% - 40% - 1:14
PK Defense
1 - 66% - 60% - 2:37
2 - 34% - 40% - 1:21
PK3 Forward
1 - 0% - 60%
2 - 0% - 40%
PK3 Defense
1 - 0% - 60%
2 - 0% - 40%
44 Forward
1 - 0% - 60%
2 - 0% - 40%
44 Defense
1 - 0% - 60%
2 - 0% - 40%
Last Minute Offensive  - 0:00
Last Minute Defensive  - 0:00
Total
Forward - 60:00
Defense - 60:00

% Time on Ice - Rangers

Lines # - Real PCT - Wanted PCT - Time Play
Normal Forward
1 - 31% - 40% - 15:14
2 - 29% - 30% - 13:48
3 - 24% - 20% - 11:31
4 - 16% - 10% - 7:52
Normal Defense
1 - 39% - 40% - 18:42
2 - 33% - 30% - 16:08
3 - 25% - 20% - 11:59
4 - 3% - 10% - 1:36
PP Forward
1 - 55% - 60% - 2:11
2 - 45% - 40% - 1:47
PP Defense
1 - 65% - 60% - 2:35
2 - 35% - 40% - 1:23
PK Forward
1 - 89% - 60% - 6:47
2 - 11% - 40% - 0:50
PK Defense
1 - 56% - 60% - 4:16
2 - 44% - 40% - 3:21
PK3 Forward
1 - 0% - 60%
2 - 0% - 40%
PK3 Defense
1 - 0% - 60%
2 - 0% - 40%
44 Forward
1 - 0% - 60%
2 - 0% - 40%
44 Defense
1 - 0% - 60%
2 - 0% - 40%
Last Minute Offensive  - 0:00
Last Minute Defensive  - 0:00
Total
Forward - 60:00
Defense - 60:00

Play by Play

1st period


0:01 of 1st period - Brad Richards wins face-off versus Milan Lucic in neutral zone.
0:08 of 1st period - Snap shot by Marian Gaborik.
0:08 of 1st period - Stopped by Henrik Lundqvist without a rebound.
0:09 of 1st period - Brad Richards wins face-off versus Patrice Bergeron in Rangers zone.
0:22 of 1st period - Wrist shot by Patrice Bergeron.
0:22 of 1st period - Stopped by Maxime Daigneault without a rebound.
0:23 of 1st period - Nazem Kadri wins face-off versus Artem Anisimov in Coyotes zone.
0:41 of 1st period - Minor Penalty to Tyler Ennis for Hooking.
0:42 of 1st period - Patrice Bergeron wins face-off versus Maxim Talbot in Coyotes zone.
0:54 of 1st period - Snap shot by James Neal.
0:54 of 1st period - Shot Blocked by Greg Zanon.
0:56 of 1st period - Wrist shot by Mark Fistric.
0:56 of 1st period - Stopped by Maxime Daigneault without a rebound.
0:57 of 1st period - Mike Cammalleri wins face-off versus Brad Richards in Coyotes zone.
1:12 of 1st period - Matt Greene is hit by Brad Richards and loses puck.
2:21 of 1st period - Martin Samuelsson is hit by Patrice Bergeron and loses puck.
2:41 of 1st period - Penalty to Tyler Ennis is over, Tyler Ennis is back on ice.
3:04 of 1st period - Icing by Anton Stralman.
3:05 of 1st period - Sean Couturier wins face-off versus Nazem Kadri in Coyotes zone.
3:30 of 1st period - Snap shot by Zach Parise.
3:30 of 1st period - Stopped by Henrik Lundqvist with a rebound.
4:41 of 1st period - Patrice Bergeron is hit by Brad Richards and loses puck.
4:54 of 1st period - Slapshot by Maxim Talbot.
4:54 of 1st period - Stopped by Henrik Lundqvist with a rebound.
4:56 of 1st period - Snap shot by Eric Brewer.
4:56 of 1st period - Shot Blocked by Mark Fistric.
4:58 of 1st period - Slapshot by Eric Brewer.
4:58 of 1st period - Stopped by Henrik Lundqvist without a rebound.
4:59 of 1st period - Patrice Bergeron wins face-off versus Maxim Talbot in Rangers zone.
5:43 of 1st period - Darren Reid is hit by Matt Niskanen and loses puck.
6:06 of 1st period - Nick Foligno is hit by Eric Brewer and loses puck.
6:12 of 1st period - Off-side.
6:13 of 1st period - Milan Lucic wins face-off versus Brad Richards in neutral zone.
6:20 of 1st period - Slapshot by Milan Lucic.
6:20 of 1st period - Shot Hit the Post.
6:22 of 1st period - Slapshot by Staffan Kronwall.
6:22 of 1st period - Stopped by Maxime Daigneault without a rebound.
6:23 of 1st period - Patrice Bergeron wins face-off versus Brad Richards in Coyotes zone.
6:40 of 1st period - Wrist shot by James Neal.
6:40 of 1st period - Stopped by Maxime Daigneault without a rebound.
6:41 of 1st period - Maxim Talbot wins face-off versus Artem Anisimov in Coyotes zone.
6:48 of 1st period - Snap shot by Maxim Talbot.
6:48 of 1st period - Shot Blocked by Mark Fistric.
7:31 of 1st period - Slapshot by Darren Reid.
7:31 of 1st period - Stopped by Maxime Daigneault with a rebound.
7:57 of 1st period - Slapshot by Martin Samuelsson.
7:57 of 1st period - Stopped by Henrik Lundqvist with a rebound.
8:29 of 1st period - Wrist shot by Mike Cammalleri.
8:29 of 1st period - Deflect By James Neal.
8:29 of 1st period - Stopped by Maxime Daigneault without a rebound.
8:30 of 1st period - Patrice Bergeron wins face-off versus Brad Richards in Coyotes zone.
8:31 of 1st period - Wrist shot by Milan Lucic.
8:31 of 1st period - Shot Blocked by Zach Parise.
8:33 of 1st period - Snap shot by Milan Lucic.
8:33 of 1st period - Shot Blocked by Anton Stralman.
8:35 of 1st period - Slapshot by Mark Fistric.
8:35 of 1st period - Shot Blocked by Anton Stralman.
8:37 of 1st period - Wrist shot by James Neal.
8:37 of 1st period - Shot Blocked by Anton Stralman.
8:39 of 1st period - Wrist shot by Patrice Bergeron.
8:39 of 1st period - Shot Misses the Net.
8:41 of 1st period - Wrist shot by James Neal.
8:41 of 1st period - Deflect By Patrice Bergeron.
8:41 of 1st period - Shot Misses the Net.
8:41 of 1st period - Puck is out of play.
8:42 of 1st period - Brad Richards wins face-off versus Patrice Bergeron in Coyotes zone.
8:47 of 1st period - Snap shot by James Neal.
8:47 of 1st period - Shot Misses the Net.
8:49 of 1st period - Slapshot by Mark Fistric.
8:49 of 1st period - Shot Blocked by Kristopher Letang.
9:18 of 1st period - Wrist shot by Mike Cammalleri.
9:18 of 1st period - Stopped by Maxime Daigneault without a rebound.
9:19 of 1st period - Marian Gaborik wins face-off versus Artem Anisimov in Coyotes zone.
9:36 of 1st period - Wrist shot by Zach Parise.
9:36 of 1st period - Shot Misses the Net.
9:48 of 1st period - Icing by Chris Stewart.
9:49 of 1st period - Patrice Bergeron wins face-off versus Tyler Ennis in Coyotes zone.
10:57 of 1st period - Minor Penalty to Jakob Silfverberg for Hooking.
10:58 of 1st period - Brad Richards wins face-off versus Milan Lucic in Rangers zone.
10:59 of 1st period - Snap shot by Marian Gaborik.
10:59 of 1st period - Shot Misses the Net.
11:01 of 1st period - Wrist shot by Zach Parise.
11:01 of 1st period - Shot Misses the Net.
11:03 of 1st period - Slapshot by Anton Stralman.
11:03 of 1st period - Deflect By Zach Parise.
11:03 of 1st period - Stopped by Henrik Lundqvist without a rebound.
11:04 of 1st period - Brad Richards wins face-off versus Milan Lucic in Rangers zone.
11:09 of 1st period - Wrist shot by Zach Parise.
11:09 of 1st period - Shot Misses the Net.
11:11 of 1st period - Slapshot by Kristopher Letang.
11:11 of 1st period - Shot Blocked by Patrice Bergeron.
11:15 of 1st period - Wrist shot by Marian Gaborik.
11:15 of 1st period - Shot Blocked by Patrice Bergeron.
11:17 of 1st period - Snap shot by Anton Stralman.
11:17 of 1st period - Stopped by Henrik Lundqvist with a rebound.
11:19 of 1st period - Wrist shot by Marian Gaborik.
11:19 of 1st period - Stopped by Henrik Lundqvist with a rebound.
11:21 of 1st period - Slapshot by Anton Stralman.
11:21 of 1st period - Shot Blocked by Milan Lucic.
12:57 of 1st period - Penalty to Jakob Silfverberg is over, Jakob Silfverberg is back on ice.
15:17 of 1st period - Mike Cammalleri is hit by Kristopher Letang and loses puck.
16:06 of 1st period - Wrist shot by Artem Anisimov.
16:06 of 1st period - Shot Misses the Net.
16:08 of 1st period - Wrist shot by Mike Cammalleri.
16:08 of 1st period - Shot Misses the Net.
16:10 of 1st period - Wrist shot by Jakob Silfverberg.
16:10 of 1st period - Shot Misses the Net.
16:25 of 1st period - Eric Brewer is hit by Milan Lucic and loses puck.
17:26 of 1st period - Snap shot by Brad Richards.
17:26 of 1st period - Stopped by Henrik Lundqvist with a rebound.
17:46 of 1st period - Snap shot by Brooks Laich.
17:46 of 1st period - Shot Misses the Net.
17:48 of 1st period - Snap shot by Chris Neil.
17:48 of 1st period - Stopped by Henrik Lundqvist with a rebound.
18:02 of 1st period - Ryan Suter is hit by Enver Lisin and loses puck.
18:17 of 1st period - Ryan Suter is hit by Michael Del Zotto and loses puck.
19:09 of 1st period - Slapshot by Anton Stralman.
19:09 of 1st period - Stopped by Henrik Lundqvist without a rebound.
19:10 of 1st period - Patrice Bergeron wins face-off versus Brad Richards in Rangers zone.
19:10 of 1st period - Patrice Bergeron is hit by Brad Richards.
Goals for this period are 0 for Coyotes vs 0 for Rangers.
Shots for this period are 11 for Coyotes vs 7 for Rangers.

2nd period


0:01 of 2nd period - Brad Richards wins face-off versus Patrice Bergeron in neutral zone.
0:34 of 2nd period - Snap shot by Tyler Ennis.
0:34 of 2nd period - Stopped by Henrik Lundqvist without a rebound.
0:35 of 2nd period - Nazem Kadri wins face-off versus Artem Anisimov in Rangers zone.
0:36 of 2nd period - Snap shot by Tyler Ennis.
0:36 of 2nd period - Shot Misses the Net.
0:38 of 2nd period - Snap shot by Nazem Kadri.
0:38 of 2nd period - Shot Blocked by Mike Cammalleri.
0:40 of 2nd period - Wrist shot by Eric Brewer.
0:40 of 2nd period - Shot Blocked by Jakob Silfverberg.
0:50 of 2nd period - Slapshot by Tyler Ennis.
0:50 of 2nd period - Shot Misses the Net.
0:52 of 2nd period - Wrist shot by Chris Stewart.
0:52 of 2nd period - Shot Misses the Net.
1:02 of 2nd period - Ryan Suter is hit by Michael Del Zotto.
1:12 of 2nd period - Wrist shot by Brad Richards.
1:12 of 2nd period - Shot Misses the Net.
1:24 of 2nd period - Snap shot by Enver Lisin.
1:24 of 2nd period - Shot Misses the Net.
3:03 of 2nd period - Icing by Darren Reid.
3:04 of 2nd period - Valtteri Filppula wins face-off versus Brooks Laich in Rangers zone.
4:37 of 2nd period - Chris Neil is hit by Matt Read and loses puck.
5:12 of 2nd period - Jakob Silfverberg is hit by Brad Richards and loses puck.
5:23 of 2nd period - Slapshot by Zach Parise.
5:23 of 2nd period - Stopped by Henrik Lundqvist without a rebound.
5:24 of 2nd period - Patrice Bergeron wins face-off versus Brad Richards in Rangers zone.
5:49 of 2nd period - Mark Fistric is hit by Mark Bell and loses puck.
6:19 of 2nd period - Snap shot by Matt Read.
6:19 of 2nd period - Stopped by Maxime Daigneault with a rebound.
6:23 of 2nd period - Snap shot by Valtteri Filppula.
6:23 of 2nd period - Shot Blocked by Nazem Kadri.
6:35 of 2nd period - Wrist shot by Marian Gaborik.
6:35 of 2nd period - Stopped by Henrik Lundqvist without a rebound.
6:36 of 2nd period - Brad Richards wins face-off versus Sean Couturier in Rangers zone.
6:59 of 2nd period - Slapshot by Cam Barker.
6:59 of 2nd period - Stopped by Maxime Daigneault without a rebound.
7:00 of 2nd period - Nazem Kadri wins face-off versus James Neal in Coyotes zone.
7:00 of 2nd period - Nazem Kadri is hit by James Neal.
7:07 of 2nd period - Minor Penalty to James Neal for Interference.
7:08 of 2nd period - Brad Richards wins face-off versus Milan Lucic in Rangers zone.
7:12 of 2nd period - Slapshot by Brad Richards.
7:12 of 2nd period - Stopped by Henrik Lundqvist with a rebound.
7:24 of 2nd period - Snap shot by Brad Richards.
7:24 of 2nd period - Goal by Brad Richards - Coyotes : 1 - Rangers : 0.
7:25 of 2nd period - Brad Richards wins face-off versus Patrice Bergeron in neutral zone.
7:52 of 2nd period - Cam Barker is hit by Tyler Ennis and loses puck.
8:07 of 2nd period - Michael Del Zotto is hit by Artem Anisimov.
8:19 of 2nd period - Wrist shot by Enver Lisin.
8:19 of 2nd period - Shot Blocked by Mark Fistric.
8:21 of 2nd period - Wrist shot by Mark Bell.
8:21 of 2nd period - Shot Misses the Net.
8:23 of 2nd period - Wrist shot by Maxim Talbot.
8:23 of 2nd period - Goal by Maxim Talbot - Coyotes : 2 - Rangers : 0.
8:24 of 2nd period - Patrice Bergeron wins face-off versus Brad Richards in neutral zone.
8:27 of 2nd period - Snap shot by James Neal.
8:27 of 2nd period - Shot Misses the Net.
8:29 of 2nd period - Slapshot by Milan Lucic.
8:29 of 2nd period - Deflect By Patrice Bergeron.
8:29 of 2nd period - Goal by Patrice Bergeron - Coyotes : 2 - Rangers : 1.
8:30 of 2nd period - Brad Richards wins face-off versus Patrice Bergeron in neutral zone.
8:33 of 2nd period - James Neal is hit by Brad Richards and loses puck.
8:38 of 2nd period - Backhand shot by Brad Richards.
8:38 of 2nd period - Stopped by Henrik Lundqvist with a rebound.
8:40 of 2nd period - Slapshot by Anton Stralman.
8:40 of 2nd period - Stopped by Henrik Lundqvist without a rebound.
8:41 of 2nd period - Patrice Bergeron wins face-off versus Brad Richards in Rangers zone.
8:56 of 2nd period - Slapshot by Milan Lucic.
8:56 of 2nd period - Stopped by Maxime Daigneault without a rebound.
8:57 of 2nd period - Artem Anisimov wins face-off versus Nazem Kadri in Coyotes zone.
9:24 of 2nd period - Anton Stralman is hit by Milan Lucic and loses puck.
9:55 of 2nd period - Wrist shot by Nathan Gerbe.
9:55 of 2nd period - Stopped by Maxime Daigneault without a rebound.
9:56 of 2nd period - Brad Richards wins face-off versus Artem Anisimov in Coyotes zone.
9:56 of 2nd period - Brad Richards is hit by Mike Cammalleri.
9:59 of 2nd period - Minor Penalty to Michael Del Zotto for Tripping.
10:00 of 2nd period - Patrice Bergeron wins face-off versus Maxim Talbot in Coyotes zone.
10:17 of 2nd period - Off-side.
10:18 of 2nd period - Maxim Talbot wins face-off versus Valtteri Filppula in neutral zone.
10:29 of 2nd period - Maxim Talbot is hit by Valtteri Filppula and loses puck.
11:59 of 2nd period - Penalty to Michael Del Zotto is over, Michael Del Zotto is back on ice.
12:00 of 2nd period - Mark Fistric is hit by Michael Del Zotto and loses puck.
12:04 of 2nd period - Icing by Mark Fistric.
12:05 of 2nd period - Brad Richards wins face-off versus Valtteri Filppula in Rangers zone.
12:25 of 2nd period - Chris Stewart is hit by Matt Greene and loses puck.
13:03 of 2nd period - Off-side.
13:04 of 2nd period - Sean Couturier wins face-off versus Brad Richards in neutral zone.
13:36 of 2nd period - Snap shot by Maxim Talbot.
13:36 of 2nd period - Shot Misses the Net.
13:42 of 2nd period - Slapshot by Enver Lisin.
13:42 of 2nd period - Stopped by Henrik Lundqvist without a rebound.
13:43 of 2nd period - Brad Richards wins face-off versus Patrice Bergeron in Rangers zone.
13:46 of 2nd period - Snap shot by Zach Parise.
13:46 of 2nd period - Stopped by Henrik Lundqvist without a rebound.
13:47 of 2nd period - Patrice Bergeron wins face-off versus Brad Richards in Rangers zone.
13:47 of 2nd period - Patrice Bergeron is hit by Brad Richards.
13:59 of 2nd period - Snap shot by Patrice Bergeron.
13:59 of 2nd period - Stopped by Maxime Daigneault without a rebound.
14:00 of 2nd period - Patrice Bergeron wins face-off versus Brad Richards in Coyotes zone.
14:31 of 2nd period - Off-side.
14:32 of 2nd period - Nazem Kadri wins face-off versus Artem Anisimov in neutral zone.
14:58 of 2nd period - Minor Penalty to Milan Lucic for Hooking.
14:59 of 2nd period - Brad Richards wins face-off versus Artem Anisimov in Rangers zone.
15:02 of 2nd period - Wrist shot by Brad Richards.
15:02 of 2nd period - Stopped by Henrik Lundqvist without a rebound.
15:03 of 2nd period - Artem Anisimov wins face-off versus Zach Parise in Rangers zone.
15:16 of 2nd period - Cam Barker is hit by Brad Richards and loses puck.
15:55 of 2nd period - Snap shot by Mike Cammalleri.
15:55 of 2nd period - Shot Misses the Net.
15:57 of 2nd period - Snap shot by Cam Barker.
15:57 of 2nd period - Stopped by Maxime Daigneault with a rebound.
15:59 of 2nd period - Slapshot by Mark Fistric.
15:59 of 2nd period - Stopped by Maxime Daigneault without a rebound.
16:00 of 2nd period - Nazem Kadri wins face-off versus Artem Anisimov in Coyotes zone.
16:19 of 2nd period - Slapshot by Michael Del Zotto.
16:19 of 2nd period - Shot Blocked by Matt Greene.
16:21 of 2nd period - Slapshot by Eric Brewer.
16:21 of 2nd period - Goal by Eric Brewer - Coyotes : 3 - Rangers : 1.
16:22 of 2nd period - Brad Richards wins face-off versus Patrice Bergeron in neutral zone.
16:41 of 2nd period - Milan Lucic is hit by Anton Stralman and loses puck.
17:44 of 2nd period - Wrist shot by Brooks Laich.
17:44 of 2nd period - Shot Misses the Net.
17:46 of 2nd period - Slapshot by Chris Neil.
17:46 of 2nd period - Shot Misses the Net.
17:56 of 2nd period - Valtteri Filppula is hit by Brad Richards and loses puck.
18:01 of 2nd period - Snap shot by Zach Parise.
18:01 of 2nd period - Stopped by Henrik Lundqvist with a rebound.
18:24 of 2nd period - Wrist shot by Milan Lucic.
18:24 of 2nd period - Shot Blocked by Greg Zanon.
18:44 of 2nd period - Matt Greene is hit by Michael Del Zotto and loses puck.
19:10 of 2nd period - Michael Del Zotto is hit by Darren Reid and loses puck.
19:38 of 2nd period - Sean Couturier is hit by Martin Samuelsson and loses puck.
19:59 of 2nd period - Wrist shot by Martin Samuelsson.
19:59 of 2nd period - Shot Blocked by Mark Fistric.
Goals for this period are 3 for Coyotes vs 1 for Rangers.
Shots for this period are 13 for Coyotes vs 8 for Rangers.

3rd period


0:01 of 3rd period - Patrice Bergeron wins face-off versus Brad Richards in neutral zone.
0:06 of 3rd period - Anton Stralman is hit by James Neal and loses puck.
0:50 of 3rd period - Nathan Gerbe is hit by Anton Stralman and loses puck.
0:57 of 3rd period - Wrist shot by Enver Lisin.
0:57 of 3rd period - Stopped by Henrik Lundqvist with a rebound.
0:59 of 3rd period - Snap shot by Mark Bell.
0:59 of 3rd period - Deflect By Matt Greene.
0:59 of 3rd period - Stopped by Henrik Lundqvist with a rebound.
1:35 of 3rd period - Slapshot by Marian Gaborik.
1:35 of 3rd period - Shot Misses the Net.
2:13 of 3rd period - Alexei Emelin is hit by Maxim Talbot and loses puck.
2:22 of 3rd period - Backhand shot by Nathan Gerbe.
2:22 of 3rd period - Shot Misses the Net.
2:52 of 3rd period - Cam Barker is hit by Brad Richards.
3:22 of 3rd period - Snap shot by Mike Cammalleri.
3:22 of 3rd period - Shot Blocked by Tyler Ennis.
4:08 of 3rd period - Slapshot by Sean Couturier.
4:08 of 3rd period - Stopped by Maxime Daigneault without a rebound.
4:09 of 3rd period - Nazem Kadri wins face-off versus Patrice Bergeron in Coyotes zone.
4:09 of 3rd period - Nazem Kadri is hit by James Neal.
4:21 of 3rd period - Wrist shot by Tyler Ennis.
4:21 of 3rd period - Shot Blocked by Alexei Emelin.
4:23 of 3rd period - Wrist shot by Chris Stewart.
4:23 of 3rd period - Stopped by Henrik Lundqvist without a rebound.
4:24 of 3rd period - Patrice Bergeron wins face-off versus Brad Richards in Rangers zone.
5:29 of 3rd period - Slapshot by Michael Del Zotto.
5:29 of 3rd period - Shot Blocked by Ryan Suter.
5:31 of 3rd period - Snap shot by Martin Samuelsson.
5:31 of 3rd period - Shot Misses the Net.
5:33 of 3rd period - Snap shot by Brooks Laich.
5:33 of 3rd period - Stopped by Henrik Lundqvist without a rebound.
5:34 of 3rd period - Brooks Laich wins face-off versus Patrice Bergeron in Rangers zone.
5:35 of 3rd period - Slapshot by Anton Stralman.
5:35 of 3rd period - Stopped by Henrik Lundqvist without a rebound.
5:36 of 3rd period - Brad Richards wins face-off versus Patrice Bergeron in Rangers zone.
5:53 of 3rd period - Snap shot by Brad Richards.
5:53 of 3rd period - Stopped by Henrik Lundqvist without a rebound.
5:54 of 3rd period - Nazem Kadri wins face-off versus Artem Anisimov in Rangers zone.
6:23 of 3rd period - Slapshot by Anton Stralman.
6:23 of 3rd period - Stopped by Henrik Lundqvist with a rebound.
6:25 of 3rd period - Snap shot by Kristopher Letang.
6:25 of 3rd period - Stopped by Henrik Lundqvist with a rebound.
6:31 of 3rd period - Snap shot by Zach Parise.
6:31 of 3rd period - Stopped by Henrik Lundqvist with a rebound.
6:37 of 3rd period - Minor Penalty to Milan Lucic for Hooking.
6:38 of 3rd period - Brad Richards wins face-off versus Artem Anisimov in Rangers zone.
7:10 of 3rd period - Sean Couturier is hit by Zach Parise and loses puck.
8:22 of 3rd period - Brad Richards is hit by Ryan Suter and loses puck.
8:29 of 3rd period - Michael Del Zotto is hit by Ryan Suter and loses puck.
8:37 of 3rd period - Penalty to Milan Lucic is over, Milan Lucic is back on ice.
8:52 of 3rd period - Snap shot by Mark Bell.
8:52 of 3rd period - Shot Blocked by Patrice Bergeron.
9:06 of 3rd period - Snap shot by Matt Read.
9:06 of 3rd period - Shot Blocked by Matt Niskanen.
9:08 of 3rd period - Snap shot by Nick Foligno.
9:08 of 3rd period - Shot Misses the Net.
9:10 of 3rd period - Wrist shot by Matt Greene.
9:10 of 3rd period - Shot Blocked by Greg Zanon.
9:22 of 3rd period - Snap shot by Enver Lisin.
9:22 of 3rd period - Shot Misses the Net.
9:55 of 3rd period - Icing by Matt Read.
9:56 of 3rd period - Brooks Laich wins face-off versus Darren Reid in Rangers zone.
9:57 of 3rd period - Wrist shot by Martin Samuelsson.
9:57 of 3rd period - Shot Misses the Net.
9:59 of 3rd period - Snap shot by Brooks Laich.
9:59 of 3rd period - Shot Misses the Net.
10:03 of 3rd period - Slapshot by Brooks Laich.
10:03 of 3rd period - Shot Misses the Net.
10:17 of 3rd period - Minor Penalty to Milan Lucic for Roughing.
10:18 of 3rd period - Marian Gaborik wins face-off versus Artem Anisimov in Rangers zone.
11:10 of 3rd period - Zach Parise is hit by Sean Couturier.
11:14 of 3rd period - Eric Brewer is hit by Sean Couturier and loses puck.
11:21 of 3rd period - Sean Couturier is hit by Brad Richards and loses puck.
12:15 of 3rd period - Kristopher Letang is hit by Jakob Silfverberg and loses puck.
12:17 of 3rd period - Penalty to Milan Lucic is over, Milan Lucic is back on ice.
12:24 of 3rd period - Slapshot by Jakob Silfverberg.
12:24 of 3rd period - Shot Blocked by Tyler Ennis.
12:26 of 3rd period - Snap shot by Ryan Suter.
12:26 of 3rd period - Shot Misses the Net.
12:40 of 3rd period - Valtteri Filppula is hit by Enver Lisin and loses puck.
13:03 of 3rd period - Snap shot by Martin Samuelsson.
13:03 of 3rd period - Shot Misses the Net.
13:05 of 3rd period - Slapshot by Brooks Laich.
13:05 of 3rd period - Stopped by Henrik Lundqvist with a rebound.
13:07 of 3rd period - Slapshot by Kristopher Letang.
13:07 of 3rd period - Shot Misses the Net.
13:19 of 3rd period - Snap shot by Tyler Ennis.
13:19 of 3rd period - Shot Blocked by Milan Lucic.
13:29 of 3rd period - Valtteri Filppula is hit by Mark Bell and loses puck.
14:43 of 3rd period - Slapshot by Cam Barker.
14:43 of 3rd period - Stopped by Maxime Daigneault without a rebound.
14:44 of 3rd period - Artem Anisimov wins face-off versus Brad Richards in Coyotes zone.
14:47 of 3rd period - Wrist shot by Mike Cammalleri.
14:47 of 3rd period - Stopped by Maxime Daigneault with a rebound.
15:02 of 3rd period - Off-side.
15:03 of 3rd period - Patrice Bergeron wins face-off versus Maxim Talbot in neutral zone.
15:06 of 3rd period - Maxim Talbot is hit by James Neal and loses puck.
15:52 of 3rd period - Wrist shot by Milan Lucic.
15:52 of 3rd period - Stopped by Maxime Daigneault without a rebound.
15:53 of 3rd period - Maxim Talbot wins face-off versus Sean Couturier in Coyotes zone.
16:49 of 3rd period - Slapshot by Alexei Emelin.
16:49 of 3rd period - Stopped by Maxime Daigneault with a rebound.
17:05 of 3rd period - Snap shot by Artem Anisimov.
17:05 of 3rd period - Stopped by Maxime Daigneault without a rebound.
17:06 of 3rd period - Maxim Talbot wins face-off versus Artem Anisimov in Coyotes zone.
17:58 of 3rd period - Staffan Kronwall is hit by Matt Niskanen and loses puck.
18:31 of 3rd period - Snap shot by Nick Foligno.
18:31 of 3rd period - Deflect By Valtteri Filppula.
18:31 of 3rd period - Stopped by Maxime Daigneault without a rebound.
18:32 of 3rd period - Maxim Talbot wins face-off versus Valtteri Filppula in Coyotes zone.
18:32 of 3rd period - Maxim Talbot is hit by Valtteri Filppula.
18:39 of 3rd period - Kristopher Letang is hit by Ryan Suter and loses puck.
18:42 of 3rd period - Slapshot by Anton Stralman.
18:42 of 3rd period - Shot Blocked by Valtteri Filppula.
18:44 of 3rd period - Slapshot by Kristopher Letang.
18:44 of 3rd period - Shot Misses the Net.
18:46 of 3rd period - Backhand shot by Maxim Talbot.
18:46 of 3rd period - Deflect By Mark Bell.
18:46 of 3rd period - Shot Misses the Net.
18:46 of 3rd period - Puck is out of play.
18:47 of 3rd period - Sean Couturier wins face-off versus Brad Richards in Rangers zone.
18:56 of 3rd period - Snap shot by Nathan Gerbe.
18:56 of 3rd period - Stopped by Maxime Daigneault with a rebound.
Goals for this period are 0 for Coyotes vs 0 for Rangers.
Shots for this period are 10 for Coyotes vs 8 for Rangers.